Map: Ascension to Aiur LE

Players

Trizztein - Winner!

  • Race: Terran Terran
  • League: Diamond
  • Spawn Location: 5:00

Ben

  • Race: Terran Terran
  • League: Master
  • Spawn Location: 11:00

VOD

Have the link to the VOD?

Description

Time

  • Played on: July 15, 2017, 8:14 p.m.
  • Length: 17:51
Show
View Real Time Build Order
Export as new Build Order

Trizztein Terran - Winner!

Build Orders:  

Get SALT Encoding   

  12  0:00  SCV  
  13  0:13  SCV  
  14  0:17  Supply Depot  
  14  0:25  SCV  
  15  0:30  Refinery  
  15  0:39  SCV  
  16  0:45  Barracks  
  16  0:51  SCV  
  17  1:03  SCV  
  18  1:15  SCV  
  19  1:32  Orbital Command  
  19  1:47  Factory  
  19  1:53  Bunker  
  19  1:58  Bunker  
  19  2:02  SCV  
  20  2:12  Marine  
  20  2:13  Supply Depot  
  20  2:14  SCV  
  22  2:29  Marine  
  22  2:40  Supply Depot  
  22  2:47  Supply Depot  
  21  2:51  Marine  
  21  3:01  Cyclone  
  21  3:05  Starport  
  24  3:09  Supply Depot  
  24  3:10  Marine  
  25  3:13  SCV  
  26  3:25  SCV  
  27  3:28  Marine  
  28  3:37  SCV  
  29  3:42  Supply Depot  
  29  3:47  Starport Tech Lab  
  29  3:49  SCV  
  29  3:51  Refinery  
  30  4:01  SCV  
  31  4:05  Banshee  
  34  4:14  SCV  
  33  4:39  SCV  
  34  4:46  Command Center  
  34  4:50  Banshee  
  37  4:59  Cloaking Field  
  37  5:08  Cyclone  
  37  5:09  SCV  
  41  5:14  Marine  
  41  5:21  SCV  
  43  5:26  Supply Depot  
  43  5:32  Marine  
  43  5:33  SCV  
  45  5:42  Factory Tech Lab  
  45  5:45  SCV  
  45  5:48  Banshee  
  45  5:49  Supply Depot  
  49  5:57  SCV  
  50  6:08  Orbital Command  
  50  6:09  SCV  
  50  6:10  Siege Tank  
  54  6:21  SCV  
  55  6:30  Supply Depot  
  55  6:33  SCV  
  55  6:37  Supply Depot  
  56  6:46  SCV  
  57  6:58  SCV  
  58  7:10  SCV  
  59  7:16  Siege Tank  
  59  7:22  SCV  
  63  7:23  Marine  
  64  7:34  SCV  
  65  7:41  Marine, Liberator, Orbital Command  
  63  7:48  Siege Tank  
  63  7:56  SCV  
  61  8:08  SCV  
  62  8:20  SCV  
  62  8:21  SCV  
  62  8:24  Supply Depot  
  62  8:25  Barracks  
  64  8:28  Engineering Bay x2  
  64  8:29  Siege Tank  
  64  8:30  Barracks  
  64  8:32  SCV, Refinery  
  64  8:33  SCV, Refinery  
  69  8:44  SCV  
  69  8:45  SCV  
  69  8:47  Barracks Reactor  
  71  8:56  SCV  
  71  8:57  SCV  
  71  9:02  Siege Tank  
  76  9:08  SCV  
  76  9:09  Barracks x2  
  77  9:10  Supply Depot  
  77  9:19  SCV  
  78  9:27  SCV  
  78  9:29  Barracks Reactor x2  
  79  9:32  SCV  
  79  9:34  Siege Tank  
  79  9:37  Supply Depot  
  83  9:40  SCV  
  83  9:41  Marine x2  
  83  9:44  SCV  
  87  9:50  Terran Infantry Weapons Level 1  
  87  9:52  Terran Infantry Armor Level 1  
  87  9:59  Marine x2  
  89  10:06  Barracks Tech Lab  
  90  10:08  Siege Tank, Barracks Tech Lab  
  92  10:14  Marine x3  
  92  10:15  Marine  
  92  10:17  Marine x2  
  92  10:20  Missile Turret, SCV  
  99  10:21  Missile Turret  
  99  10:26  Missile Turret  
  99  10:27  Missile Turret, Supply Depot x2  
  99  10:29  Missile Turret  
  99  10:30  Supply Depot  
  99  10:32  Marine x4  
  99  10:35  Marine x3  
  100  10:41  Siege Tank  
  103  10:43  Marine  
  104  10:50  Marine  
  104  10:52  Marine  
  104  10:53  Marine x5  
  104  10:54  Combat Shields  
  104  10:55  Stimpack  
  104  10:56  SCV  
  111  11:00  Marine  
  112  11:07  Command Center  
  112  11:08  Marine  
  112  11:11  Marine x4  
  115  11:12  Factory  
  115  11:13  Starport  
  115  11:16  SCV  
  118  11:27  SCV  
  119  11:33  Supply Depot x2  
  119  11:35  Supply Depot  
  119  11:39  Marine x3  
  115  11:51  Marine x4  
  109  11:57  Bunker  
  105  12:04  Factory Tech Lab  
  105  12:07  Supply Depot x2, Marine x4  
  109  12:09  Marine x2  
  109  12:13  Viking  
  113  12:16  Supply Depot  
  113  12:18  Supply Depot  
  106  12:24  Sensor Tower  
  106  12:26  Siege Tank x2  
  111  12:32  Viking  
  111  12:35  SCV x2  
  115  12:38  Supply Depot  
  115  12:43  Viking  
  115  12:47  SCV, Orbital Command  
  116  13:02  Viking  
  107  13:13  Viking  
  107  13:16  Marine x7  
  107  13:17  Marine  
  117  13:32  Viking  
  117  13:33  Siege Tank x2  
  117  13:34  Marine x3  
  128  13:43  Viking  
  130  13:58  SCV x3  
  130  14:02  Viking  
  131  14:05  Siege Tank  
  130  14:13  Viking  
  130  14:14  Starport  
  132  14:23  Missile Turret  
  132  14:27  SCV  
  133  14:32  Viking  
  135  14:42  SCV  
  135  14:43  Viking  
  138  14:46  SCV  
  138  14:48  SCV  
  138  14:50  Siege Tank x2  
  146  14:54  Marine x6  
  146  14:58  Viking  
  154  15:02  Viking  
  154  15:06  Orbital Command  
  156  15:13  Viking  
  144  15:22  Siege Tank  
  144  15:26  Liberator  
  145  15:44  Marine x4  
  145  15:48  Marine x4  
  156  15:56  Viking x2  
  160  16:02  Marine x4  
  164  16:06  Marine x4  
  164  16:11  Armory  
  168  16:20  Marine x4  
  168  16:24  Marine x3  
  174  16:26  Siege Tank x2  
  174  16:27  Marine  
  181  16:37  Marine  
  171  16:49  Marine x2  
  167  17:05  Viking x3  
  165  17:12  SCV x2  
  165  17:13  SCV  
  165  17:15  Refinery  
  168  17:16  Siege Tank, Marine x2, Refinery  
  173  17:24  SCV x2, Refinery  
  173  17:25  SCV, Refinery  
  173  17:26  Marine x2  
  178  17:33  Marine x2  
  183  17:46  Command Center  
Show
View Real Time Build Order
Export as new Build Order

Ben Terran 

Build Orders:  

Get SALT Encoding   

  12  0:02  SCV  
  13  0:14  SCV  
  14  0:18  Supply Depot  
  14  0:26  SCV  
  15  0:40  SCV  
  16  0:46  Barracks  
  16  0:52  SCV  
  17  1:04  Barracks  
  17  1:05  SCV  
  18  1:17  SCV  
  19  1:18  Barracks  
  19  1:32  Orbital Command  
  19  1:33  Marine  
  19  1:39  Supply Depot  
  20  1:50  Marine  
  20  1:51  Marine  
  22  1:56  Barracks  
  22  2:07  Barracks  
  22  2:09  Marine  
  22  2:10  Marine  
  22  2:13  Marine  
  25  2:27  Marine x2  
  27  2:31  Marine  
  28  2:44  Marine  
  28  2:45  Marine x2  
  31  2:54  Marine  
  30  3:01  Marine  
  30  3:05  Supply Depot  
  31  3:26  Marine x4  
  35  3:29  Supply Depot  
  34  3:44  Marine x4  
  38  3:49  Supply Depot  
  38  4:02  Marine x4  
  42  4:11  Supply Depot  
  42  4:20  Marine x4  
  41  4:38  Marine x4  
  34  4:46  SCV  
  35  4:55  Marine x4  
  35  4:58  SCV  
  40  5:00  Command Center  
  40  5:10  SCV, Refinery  
  40  5:13  Marine x4  
  45  5:22  SCV  
  46  5:32  Refinery  
  46  5:34  SCV, Refinery  
  47  5:46  SCV  
  48  5:58  SCV  
  49  6:06  Marine  
  49  6:07  Marine  
  49  6:10  SCV  
  52  6:13  Orbital Command  
  52  6:14  Marine x2  
  54  6:22  SCV  
  53  6:31  Engineering Bay  
  53  6:34  SCV  
  53  6:48  SCV x2  
  52  7:04  Missile Turret  
  52  7:06  Missile Turret  
  52  7:07  Missile Turret  
  50  7:21  Factory  
  50  7:25  SCV  
  50  7:26  SCV  
  52  7:34  Supply Depot x2  
  43  7:55  SCV x2  
  45  8:02  Refinery  
  44  8:07  Factory Tech Lab  
  44  8:08  SCV x2, Starport  
  46  8:15  Barracks Tech Lab  
  46  8:20  SCV x2  
  48  8:29  Siege Tank  
  48  8:32  SCV x2  
  53  8:35  Stimpack  
  53  8:38  Missile Turret  
  53  8:44  SCV  
  53  8:46  Supply Depot  
  54  8:49  SCV  
  54  8:50  Barracks Reactor  
  54  8:53  Supply Depot  
  55  8:56  SCV  
  55  9:02  SCV  
  55  9:23  Siege Tank  
  55  9:29  SCV  
  55  9:33  Medivac  
  55  9:34  Medivac  
  55  9:35  Marine  
  55  9:36  Marine x2  
  62  9:41  SCV  
  61  9:53  Marine x2  
  61  9:54  Marine  
  61  9:55  Siege Tank  
  61  9:58  SCV  
  64  10:03  Viking  
  66  10:10  SCV  
  66  10:11  Viking, Marine  
  70  10:30  Orbital Command  
  70  10:37  Marine x2  
  70  10:39  Siege Tank  
  66  10:46  SCV  
  67  10:58  SCV  
  68  11:09  Combat Shields  
  68  11:10  SCV  
  69  11:11  Marine  
  69  11:17  Supply Depot, Refinery  
  70  11:22  SCV x2, Viking x2, Marine  
  77  11:35  SCV  
  77  11:38  Siege Tank, SCV  
  77  11:39  Supply Depot  
  82  11:44  Supply Depot  
  82  11:57  Medivac x2  
  86  12:01  Marine  
  86  12:04  Marine  
  88  12:15  Missile Turret, Refinery  
  88  12:16  Barracks Reactor  
  88  12:17  Supply Depot  
  88  12:22  Siege Tank  
  91  12:29  Marine  
  89  12:39  Terran Infantry Weapons Level 1, Marine x2  
  91  12:46  Marine  
  92  12:54  Siege Tank  
  90  13:06  Marine x2  
  90  13:10  Viking x2  
  94  13:21  SCV  
  94  13:22  SCV  
  94  13:24  Barracks Reactor x2  
  96  13:27  Siege Tank  
  96  13:34  SCV  
  97  13:40  Viking  
  99  13:53  Marine x2  
  98  13:59  Siege Tank  
  99  14:06  Command Center  
  99  14:08  Refinery x2  
  99  14:13  Marine x4  
  99  14:15  Marine x2  
  102  14:25  Marine  
  102  14:30  Marine  
  102  14:31  Siege Tank, Marine x3  
  105  14:33  Terran Infantry Armor Level 1  
  110  14:38  Armory  
  110  14:40  Engineering Bay  
  110  14:46  SCV  
  110  14:48  SCV  
  110  15:00  SCV  
  110  15:14  SCV x2  
  110  15:27  Viking x2  
  110  15:39  Supply Depot  
  110  15:40  Liberator  
  110  15:42  SCV, Supply Depot, Marine x2  
  113  15:44  Missile Turret  
  113  15:50  SCV  
  113  15:54  SCV  
  112  15:57  Viking  
  118  16:04  SCV  
  118  16:06  SCV  
  119  16:11  Marine  
  119  16:14  Barracks Tech Lab  
  119  16:27  Viking  
  119  16:31  Marine  
  122  16:39  Marine  
  114  16:40  Viking  
  114  16:43  Marine x5  
  114  16:44  Marine  
  113  16:49  Marine  
  103  17:00  Marine  
  97  17:06  Viking  
  97  17:07  Marine x2  
  85  17:09  Marine x2  
  85  17:10  Marine x3  
  85  17:13  SCV x2  
  85  17:14  Orbital Command  
  90  17:18  Marine  
  91  17:25  SCV x2  
  85  17:37  SCV  
Tags
 
Add a new tag
Caveats
  • Supply blocks, unpowered buildings, or Contaminate may cause inaccurate times.
  • Supply counts are checked every 10 seconds.